AoeStats
← UMMA KHAN

Glade

510965740Analyzed
1v1 RM · 11h ago on Oct 3, 2026· 82m 21s· 2 players
Game mode
Random Map
Map size
Tiny (2 player)
Population
200
Speed
Normal
Resources
Standard
Victory
Conquest
Starting age
Dark Age
Ending age
Imperial Age
RankedLock teamsTeams togetherTeam positionsShared explorationLock speedFull tech treeHidden civsTurbo modeCheats
Victory
Defeat
🇷🇺 Britons · Russia
431
+8
🇳🇱 Celts · Netherlands
254
-8
Elsalala
8:38 Loom
15:24 Feudal Age
16:55 Arson
16:32 Man-at-Arms
19:38 Scale Mail Armor
23:13 Horse Collar
24:11 Wheelbarrow
24:07 Double-Bit Axe
24:37 Gold Mining
24:52 Stone Mining
25:31 Forging
25:13 Fletching
26:24 Padded Archer Armor
26:31 Scale Barding Armor
31:09 Castle Age
30:03 Town Watch
32:37 Hand Cart
32:36 Heavy Plow
35:09 Gold Shaft Mining
35:11 Stone Shaft Mining
35:01 Bow Saw
35:42 Iron Casting
35:53 Murder Holes
36:46 Chain Mail Armor
36:33 Bodkin Arrow
36:54 Leather Archer Armor
36:06 Elite Skirmisher
38:26 Stronghold
45:11 Imperial Age
45:59 Town Patrol
47:07 Chemistry
46:18 Masonry
47:22 Conscription
46:44 Capped Ram
49:53 Fortified Wall
50:17 Plate Mail Armor
52:21 Ballistics
54:02 Blast Furnace
52:32 Siege Ram
55:43 Husbandry
58:30 Chain Barding Armor
58:49 Ring Archer Armor
58:55 Pikeman
62:45 Cavalier
68:03 Elite Woad Raider
70:55 Furor Celtica
UMMA KHAN
9:06 Loom
10:54 Feudal Age
12:13 Town Watch
13:26 Wheelbarrow
18:36 Castle Age
17:33 Horse Collar
17:42 Double-Bit Axe
19:35 Hand Cart
19:33 Bow Saw
20:39 Heavy Plow
32:12 Stone Mining
34:32 Gold Mining
38:31 Imperial Age
37:07 Gold Shaft Mining
36:52 Fletching
37:26 Ballistics
36:47 Treadmill Crane
38:16 Bodkin Arrow
42:19 Two-Man Saw
41:55 Town Patrol
42:34 Bracer
42:47 Masonry
44:03 Architecture
44:06 Murder Holes
45:00 Fortified Wall
44:56 Padded Archer Armor
45:25 Arrowslits
46:28 Yeomen
46:09 Warwolf
46:30 Conscription
47:41 Hoardings
47:42 Leather Archer Armor
49:06 Ring Archer Armor
51:30 Elite Longbowman
52:51 Forging
52:42 Scale Mail Armor
52:47 Scale Barding Armor
55:56 Chain Barding Armor
55:51 Chain Mail Armor
56:12 Iron Casting
55:53 Fervor
57:19 Plate Barding Armor
59:21 Plate Mail Armor
59:51 Blast Furnace
63:05 Onager
64:09 Onager
66:40 Onager
69:13 Chemistry
68:18 Siege Engineers
68:39 Arson
68:54 Squires
68:15 Pikeman
68:34 Man-at-Arms
68:59 Gambesons
69:21 Long Swordsman
69:47 Halberdier
69:57 Two-Handed Swordsman
70:05 Two-Handed Swordsman
71:07 Champion
72:04 Champion
72:38 Champion
Connection lost

Rejoining the realm…

Still unreachable

The connection could not be restored.

Session expired

The server has moved on; the page needs a fresh start.